 Dungeon Crawl Stone Soup version 0.30-a0-422-g946f4849ff (webtiles) character file.

Game seed: 12068907171850270046

151 Shayle the Trooper (level 5, 0/41 HPs)
             Began as a Demonspawn Reaver on Dec 9, 2022.
             Killed by divine providence
             ... invoked by an orc priest
              (14 damage)
             ... on level 3 of the Dungeon.
             The game lasted 00:05:55 (1921 turns).

Shayle the Trooper (Demonspawn Reaver)              Turns: 1921, Time: 00:05:56

Health: 0/41       AC:  3    Str: 12    XL:     5   Next: 11%
Magic:  8/8        EV: 12    Int: 16    God:
Gold:   127        SH:  0    Dex: 18    Spells: 7/8 levels left

rFire   . . .      SeeInvis .    p - +2 whip (venom)
rCold   . . .      Faith    .    (no shield)
rNeg    . . .      Spirit   .    b - +0 leather armour
rPois   .          Reflect  .    (no helmet)
rElec   .          Harm     .    (no cloak)
rCorr   .          Rampage  .    (no gloves)
Will    .....                    (no boots)
Stlth   ++........               (no amulet)
HPRegen 0.26/turn                h - +6 ring of dexterity
MPRegen 0.11/turn                (no ring)

@: flying
A: powered by death 1, demonic touch 1
a: no special abilities


You were on level 3 of the Dungeon.
You visited 1 branch of the dungeon, and saw 3 of its levels.

You collected 127 gold pieces.

Inventory:

Hand Weapons
 a - a +0 hand axe
 l - a +1 vampiric dagger
 p - a +2 whip of venom (weapon)
 s - a +2 vorpal hand axe
Armour
 b - a +0 leather armour (worn)
 q - a +0 helmet
Jewellery
 h - a +6 ring of dexterity (left hand)
Scrolls
 c - a scroll of noise {unknown}
 e - a scroll of enchant armour {unknown}
 g - 2 scrolls of teleportation {unknown}
 i - a scroll of amnesia {unknown}
 m - 5 scrolls of identify {unknown}
 o - a scroll of brand weapon {unknown}
 r - a scroll of magic mapping {unknown}
Potions
 d - a potion of might {unknown}
 f - a potion of curing {unknown}
 j - a potion of haste {unknown}
 k - a potion of flight
 n - a potion of lignification {unknown}


   Skills:
 + Level 3.4 Fighting
 - Level 2.6 Axes
 + Level 2.2 Armour
 - Level 1.7 Dodging
 + Level 2.4 Stealth
 + Level 2.2 Spellcasting
 - Level 3.0 Conjurations


You had 7 spell levels left.
You knew the following spells:

 Your Spells              Type           Power      Damage    Failure   Level
a - Kiss of Death         Conj/Necr      24%        2d7       14%         1

Your spell library contained the following spells:

 Spells                   Type           Power      Damage    Failure   Level
 Momentum Strike          Conj/Tloc      12%        3d8       22%         2
 Sting                    Tmut/Pois      4%         1d3       26%         1
 Poisonous Vapours        Pois/Air       2%         N/A       36%         2
 Hailstorm                Conj/Ice       6%         3d4       38%         3
 Cause Fear               Hex            0%         N/A       95%         4
 Olgreb's Toxic Radiance  Pois           1%         N/A       95%         4
 Dragon Form              Tmut           0%         N/A       100%        7
 Dragon's Call            Summ           0%         N/A       100%        9


Dungeon Overview and Level Annotations

Branches:
Dungeon (3/15)

Altars:


Innate Abilities, Weirdness & Mutations

You regenerate a little health from kills.
Your touch may inflict minor irresistible damage on your foes.


Message History

You whack the orc!
You kill the orc!
You hit the orc.
The orc is poisoned.
The orc is heavily wounded.
The orc hits you with a +0 flail!
You hit the orc.
The orc looks as sick as possible!
The orc is heavily wounded.
You kill the orc!
Things that are here:
a +0 flail; a +0 short sword; an orc corpse You start resting.
There are monsters nearby!
Things that are here:
a +0 war axe; an orc corpse; an orc corpse
Things that are here:
a +0 flail; a +0 short sword; an orc corpse You start waiting.
An orc priest is nearby!
The orc priest shouts!
The orc priest closely misses you.
You hit the orc priest.
The orc priest is poisoned.
The orc priest is lightly wounded.
The orc priest mumbles some strange prayers to Beogh against you.
Pain shoots through your body!
You hit the orc priest.
The orc priest is heavily wounded.
The orc priest mumbles some strange prayers to Beogh against you.
Beogh smites you!
You hit the orc priest. Your touch misses the orc priest.
The orc priest is almost dead.
You kill the orc priest!
You have reached level 5!
Your demonic ancestry asserts itself...
A wave of death washes over you.
It was a potion of flight.
You feel very buoyant.
You fly up into the air.
The orc priest invokes the aid of Beogh against you.
Beogh smites you!
You die...

+........#.# #.....
..#........#.####.....
...)........#.........#
.......##....#..........
#.......##....'..........
#.....####....##.........
...... #######.........
##...#################...
.. #.o@........## #...
#o#########..####...
#........###.##.....
#..8..o8.. #.##.####
..o........o#.#..#
##o.........o#...##
#..........o#.###
##..8...8..##.#
#........# #.#


You could see an orc priest and an orc wizard.

Vanquished Creatures
  An orc priest (D:3)
  Robin (D:3)
  3 adders
  A worm (D:2)
  4 dart slugs
  5 orcs
  5 bats
  5 endoplasms
  2 giant cockroaches (D:2)
  7 goblins
  7 hobgoblins
  6 jackals
  3 quokkas
  3 ball pythons
  3 kobolds
  6 rats
62 creatures vanquished.

Notes
Turn   | Place    | Note
-------+----------+-------------------------------------------
     0 | D:1      | Shayle the Demonspawn Reaver began the quest for the Orb.
     0 | D:1      | Reached XP level 1. HP: 16/16 MP: 3/3
   373 | D:1      | Discovered your monstrous ancestry.
   373 | D:1      | Gained mutation: Your touch may inflict minor irresistible
                  | damage on your foes. [demonic ancestry]
   373 | D:1      | Reached XP level 2. HP: 22/22 MP: 5/5
   624 | D:1      | Reached skill level 1 in Stealth
   626 | D:1      | Reached skill level 1 in Armour
   715 | D:1      | You fall into a shaft and drop 1 floor!
  1003 | D:2      | Reached XP level 3. HP: 26/28 MP: 6/6
  1176 | D:2      | Noticed Robin
  1437 | D:2      | Reached XP level 4. HP: 35/35 MP: 7/7
  1683 | D:3      | Killed Robin
  1921 | D:3      | Gained mutation: You regenerate a little health from kills.
                  | [demonic ancestry]
  1921 | D:3      | Reached XP level 5. HP: 14/41 MP: 8/8
  1921 | D:3      | Killed from afar by an orc priest

Illustrated notes

Levels and vault maps discovered:
D:1:      mushboom_english_gardens, layout_basic
D:2:      layout_rooms, kennysheep_generic_room_3, uniq_robin
D:3:      cheibrodos_pilgrimage, layout_basic,
          mainiacjoe_overflow_surrounded_room

Skill      XL: |  1  2  3  4 |
---------------+-------------+-----
Stealth        | 1 2 |  2.4
Armour         | 1 2 |  2.2
Fighting       | 3 |  3.4
Axes           | |  2.6
Dodging        | |  1.7
Spellcasting   | |  2.2
Conjurations   | |  3.0

Action                   |  1- 3 |  4- 6 || total
-------------------------+-------+-------++-------
Melee: Hand axe          |   100 |    21 ||   121
       Touch             |    13 |     8 ||    21
       Whip              |       |    21 ||    21
  Use: Potion            |       |     1 ||     1
 Stab: Sleeping          |     2 |     2 ||     4
Armor: Leather armour    |    54 |     5 ||    59
Dodge: Dodged            |    85 |    23 ||   108

Table legend: (Time is in decaauts)
 A = Elapsed time spent in this place.
 B = Non-inter-level travel time spent in this place.
 C = Inter-level travel time spent in this place.
 D = Time resting spent in this place.
 E = Time spent auto-exploring this place.
 F = Levels seen in this place.
 G = Mean time per level.
                   A        B        C        D        E       F      G
               +--------+--------+--------+--------+--------+-----+--------+
         Total |   1943 |   1894 |     49 |    239 |   1001 |   3 |  647.7 |
       Dungeon |   1943 |   1894 |     49 |    239 |   1001 |   3 |  647.7 |
               +--------+--------+--------+--------+--------+-----+--------+

Top non-repeatable levels by time:
     D:1: 1117 daAuts
     D:2: 583 daAuts
     D:3: 242 daAuts
